AoeStats
← Lance_Boyle2000

Arena

511600653Analyzed
3v3 RM · 12d ago on Oct 5, 2026· 29m 13s· 6 players
Game mode
Random Map
Map size
Normal (6 player)
Population
200
Speed
Normal
Resources
Standard
Victory
Conquest
Starting age
Dark Age
Ending age
Imperial Age
RankedLock teamsTeams togetherTeam positionsShared explorationLock speedFull tech treeHidden civsTurbo modeCheats
Victory
Defeat
🇩🇪 Lithuanians · Germany
1056
+13
🇩🇪 Bohemians · Germany
1033
+14
🇩🇪 Burmese · Germany
1015
+14
vs
🇧🇾 Turks · Belarus
995
-14
🇲🇽 Italians · Mexico
982
-14
🇫🇷 Japanese · France
961
-13
Ezer
0:28 Loom
12:51 Feudal Age
13:42 Horse Collar
13:50 Double-Bit Axe
17:04 Castle Age
15:10 Gold Mining
21:41 Husbandry
24:05 Bloodlines
24:49 Wheelbarrow
F-I-R-O
1:12 Loom
11:21 Feudal Age
15:50 Castle Age
14:10 Double-Bit Axe
19:29 Crossbowman
san_siro
9:41 Loom
11:27 Feudal Age
12:24 Double-Bit Axe
16:04 Castle Age
14:10 Horse Collar
14:22 Gold Mining
20:08 Town Watch
24:12 Imperial Age
22:18 Wheelbarrow
22:44 Bow Saw
22:59 Heavy Plow
23:33 Fortified Wall
23:59 Masonry
25:58 Chemistry
Ironeye
12:49 Feudal Age
17:10 Castle Age
18:09 Fletching
19:26 Gold Mining
21:34 Stone Mining
21:32 Horse Collar
24:03 Bodkin Arrow
24:10 Padded Archer Armor
Binbin
8:07 Loom
12:34 Feudal Age
16:22 Castle Age
14:14 Double-Bit Axe
14:11 Horse Collar
17:50 Heavy Plow
18:00 Bow Saw
25:37 Fletching
Lance_Boyle2000
10:52 Feudal Age
14:54 Castle Age
14:15 Double-Bit Axe
15:37 Light Cavalry
17:35 Bloodlines
18:02 Horse Collar
19:19 Scale Barding Armor
22:13 Redemption
23:02 Sanctity
23:43 Husbandry
24:36 Atonement
25:02 Forging
28:54 Wheelbarrow
28:55 Loom
29:23 Bow Saw
29:14 Heavy Plow
29:07 Gold Mining
29:55 Fervor
Connection lost

Rejoining the realm…

Still unreachable

The connection could not be restored.

Session expired

The server has moved on; the page needs a fresh start.